 Dungeon Crawl Stone Soup version 0.19.5 (webtiles) character file.

669 tof the Skirmisher (level 7, -1/63 HPs)
             Began as a Minotaur Fighter on Mar 2, 2017.
             Slain by a gnoll
             ... wielding a +0 club
              (2 damage)
             ... on level 4 of the Dungeon.
             The game lasted 00:07:07 (3222 turns).

tof the Skirmisher (Minotaur Fighter)               Turns: 3222, Time: 00:07:07

Health: -1/63      AC:  8    Str: 21    XL:     7   Next: 32%
Magic:  6/6        EV:  8    Int:  5    God:
Gold:   125        SH: 14    Dex: 11    Spells: 0 memorised, 6 levels left

rFire  + . .     SeeInvis .     a - +0 trident
rCold  . . .     Gourm    .     x - +1 leather armour {rF+}
rNeg   . . .     Faith    .     s - +0 large shield
rPois  .         Spirit   .     (helmet restricted)
rElec  .         Reflect  .     (no cloak)
rCorr  .         Harm     .     n - +0 pair of gloves
MR     .....                    (no boots)
Stlth  +.........               (no amulet)
                                (no ring)
                                (no ring)

@: lethally poisoned (-1 -> -18), flying
A: retaliatory headbutt, horns 2, yellow scales 1
a: no special abilities


You were on level 4 of the Dungeon.
You were not hungry.

You visited 1 branch of the dungeon, and saw 5 of its levels.

You collected 125 gold pieces.

Inventory:

Hand Weapons
 a - a +0 trident (weapon)
Armour
 b - a +0 scale mail
 c - a +0 shield
 m - a +0 chain mail
 n - a +0 pair of gloves (worn)
 s - a +0 large shield (worn)
 x - a +1 leather armour of fire resistance (worn)
Wands
 t - a wand of confusion (18/48)
 u - a wand of acid (9/15)
Scrolls
 e - a scroll of noise {unknown}
 j - 6 scrolls of identify {unknown}
 o - a scroll of recharging {unknown}
 p - 3 scrolls of magic mapping {unknown}
 w - a scroll of remove curse {unknown}
Potions
 d - a potion of might
 q - a potion of haste {unknown}
 r - a potion of degeneration {unknown}
Comestibles
 f - 2 bread rations
 g - 2 beef jerkies
 i - 2 fruits
 k - 2 meat rations


   Skills:
 * Level 6.2 Fighting
 * Level 5.2 Polearms
 * Level 6.0 Armour
 + Level 2.5 Dodging
 + Level 4.9 Shields


You had 6 spell levels left.
You didn't know any spells.

Dungeon Overview and Level Annotations

Branches:
Dungeon (5/15)
 Temple: D:4-7

Altars:

Shops:
D:4 *


Innate Abilities, Weirdness & Mutations

You reflexively headbutt those who attack you in melee.
You have a pair of horns on your head.
You are partially covered in yellow scales. (AC +2)


Message History

You feel sick. The gnoll hits you with a club.
* * * LOW HITPOINT WARNING * * *
You block the gnoll sergeant's attack. The gnoll closely misses you.
The gnoll sergeant hits you with a spear of venom.
* * * LOW HITPOINT WARNING * * *
You are more poisoned.
It was a potion of beneficial mutation.
Yellow scales grow over part of your body.
You feel fantastic!
* * * LOW HITPOINT WARNING * * *
You feel sick. You block the gnoll's attack.
The gnoll hits you from afar with a spear!
* * * LOW HITPOINT WARNING * * *
You block the gnoll sergeant's attack.
It was a potion of flight.
You feel very buoyant.
You fly up into the air.
* * * LOW HITPOINT WARNING * * *
You feel sick. The gnoll hits you with a club.
You die...

#############
#...........#
#.#########.# #.#
#.# #.# #.#
######.#########g#
..............gg@#
######.###########
#........#
#........#
###........#
#..........#
#.#........#
#.#........#
####.##.#.#####


You could see a gnoll sergeant and 2 gnolls.

Vanquished Creatures
  Grinder (D:4)
  Eustachio (D:4)
  3 orc priests
  An orc wizard (D:3)
  2 iguanas (D:4)
  2 worker ants (D:4)
  4 adders
  A worm (D:2)
  3 dart slugs (D:2)
  5 orcs
  2 ball pythons
  10 goblins
  7 hobgoblins
  A jackal (D:4)
  A quokka (D:3)
  A ball python skeleton (D:4)
  4 bats
  3 frilled lizards
  4 kobolds
  6 rats
62 creatures vanquished.

Notes
Turn   | Place    | Note
-------+----------+-------------------------------------------
     0 | D:1      | tof the Minotaur Fighter began the quest for the Orb.
     0 | D:1      | Reached XP level 1. HP: 19/19 MP: 0/0
   140 | D:1      | Reached XP level 2. HP: 27/27 MP: 1/1
   616 | D:2      | Reached XP level 3. HP: 33/33 MP: 2/2
  1045 | D:2      | You fall through a shaft!
  1204 | D:3      | Reached XP level 4. HP: 32/41 MP: 3/3
  1341 | D:3      | Reached skill level 1 in Dodging
  1341 | D:3      | Reached XP level 5. HP: 20/47 MP: 4/4
  1877 | D:4      | Noticed Grinder
  1897 | D:4      | Paralysed by Grinder for 5 turns
  1908 | D:4      | Paralysed by Grinder for 5 turns
  1951 | D:4      | Paralysed by Grinder for 7 turns
  1972 | D:5      | Entered Level 5 of the Dungeon
  2218 | D:4      | Killed Grinder
  2218 | D:4      | Reached skill level 5 in Fighting
  2218 | D:4      | Reached skill level 5 in Armour
  2218 | D:4      | Reached XP level 6. HP: 28/56 MP: 5/5
  2391 | D:4      | Found Fyibeap's General Store.
  2608 | D:4      | Noticed Eustachio
  2820 | D:4      | Killed Eustachio
  2820 | D:4      | Reached skill level 5 in Polearms
  2820 | D:4      | Reached XP level 7. HP: 56/63 MP: 6/6
  3221 | D:4      | Gained mutation: You are partially covered in yellow scales. (AC +2) [potion of beneficial mutation]
  3221 | D:4      | HP: 2/63 [gnoll/spear (9)]
  3222 | D:4      | Slain by a gnoll

Skill      XL: |  1  2  3  4  5  6  7 |
---------------+----------------------+-----
Fighting       | 4 5 6 |  6.2
Armour         | 4 5 6 |  6.0
Shields        | 4 |  4.9
Polearms       | 3 4 5 |  5.2
Dodging        | 1 2 |  2.5

Action                   |  1- 3 |  4- 6 |  7- 9 || total
-------------------------+-------+-------+-------++-------
Melee: Trident           |   109 |   104 |    32 ||   245
       Headbutt          |    12 |    18 |     7 ||    37
  Use: Potion            |       |       |     2 ||     2
  Eat: Chunk             |     1 |     2 |       ||     3
       Bread ration      |       |     1 |       ||     1
Armor: Scale mail        |     8 |       |       ||     8
       Chain mail        |    14 |    35 |       ||    49
       Leather armour    |       |       |    10 ||    10
Dodge: Dodged            |    19 |     9 |    10 ||    38
Block: Shield            |    39 |     4 |       ||    43
       Large shield      |       |    52 |    37 ||    89
